 Dungeon Crawl Stone Soup version 0.29-a0-477-g62b78b4 (webtiles) character file.

Game seed: 859868947370588463

711 Toastz the Cleaver (level 7, -1/63 HPs)
             Began as a Hill Orc Fighter on May 24, 2022.
             Was a Follower of Wu Jian.
             Splashed by a jelly's acid (9 damage)
             ... on level 3 of the Dungeon.
             The game lasted 00:09:15 (3883 turns).

Toastz the Cleaver (Hill Orc Fighter)               Turns: 3883, Time: 00:09:15

Health: -1/63      AC: -3    Str: 21    XL:     7   Next: 68%
Magic:  7/7        EV:  9    Int:  8    God:    Wu Jian [*.....]
Gold:   138        SH:  4    Dex: 10    Spells: 6/6 levels left

rFire   . . .      SeeInvis .   a - +0 war axe
rCold   . . .      Faith    .   c - +0 buckler
rNeg    . . .      Spirit   .   s - +0 scale mail
rPois   .          Reflect  .   (no helmet)
rElec   .          Harm     .   z - +0 cloak
rCorr   .          Rampage  .   (no gloves)
Will    .....                   (no boots)
Stlth   ..........              (no amulet)
HPRegen 0.20/turn               (no ring)
MPRegen 0.10/turn               (no ring)

@: corroded
A: no striking features
a: Renounce Religion


You were on level 3 of the Dungeon.
You worshipped Wu Jian.
Wu Jian was aware of your devotion.
You visited 1 branch of the dungeon, and saw 6 of its levels.

You collected 138 gold pieces.

Inventory:

Hand Weapons
 a - a +0 war axe (weapon)
 b - a +0 hunting sling
Missiles
 e - 157 stones (quivered)
Armour
 c - a +0 buckler (worn)
 s - a +0 scale mail (worn)
 z - a +0 cloak (worn)
Jewellery
 h - a +4 ring of evasion
 A - a +4 ring of evasion
 E - an amulet of regeneration
Scrolls
 g - 5 scrolls of teleportation
 k - a scroll of amnesia {unknown}
 l - 2 scrolls of enchant armour {unknown}
 m - 2 scrolls of fog
 n - a scroll of poison {unknown}
 o - a scroll of blinking {unknown}
 p - a scroll of magic mapping {unknown}
 t - a scroll of silence {unknown}
 x - a scroll of enchant weapon {unknown}
 y - a scroll of identify
 C - a scroll of fear {unknown}
Potions
 d - 5 potions of might
 f - 2 potions of flight
 i - a potion of mutation {unknown}
 j - 2 potions of resistance {unknown}
 q - a potion of lignification {unknown}
 r - 4 potions of curing {unknown}
 u - 2 potions of degeneration {unknown}
 v - a potion of haste {unknown}
 w - 2 potions of brilliance {unknown}
 B - a potion of attraction {unknown}
 D - a potion of heal wounds {unknown}


   Skills:
 + Level 6.2 Fighting
 * Level 8.5 Axes
 - Level 3.2 Armour
 - Level 1.0 Dodging
 + Level 4.6 Shields


You had 6 spell levels left.
You didn't know any spells.
Your spell library was empty.

Dungeon Overview and Level Annotations

Branches:
Dungeon (6/15)
 Temple: D:4-7

Altars:
Wu Jian
Yredelemnul

Shops:
D:3 (   D:4 *   D:6 [


Message History

The Council accepts your kill.
You slash the endoplasm!
You kill the endoplasm!
The Council accepts your kill.
You hit the endoplasm.
The endoplasm is moderately wounded.
The endoplasm hits you but does no damage.
You slash the endoplasm!
You kill the endoplasm!
The Council accepts your kill.
You slash the endoplasm!
You kill the endoplasm!
The Council accepts your kill.
You hit the endoplasm.
The endoplasm is severely wounded.
The endoplasm freezes you.
You are frozen.
* * * LOW HITPOINT WARNING * * *
You hit the jelly but do no damage. The acid corrodes you!
Your hands burn!
* * * LOW HITPOINT WARNING * * *
The jelly is moderately wounded.
The jelly closely misses you.
You hit the jelly. The acid corrodes you!
Your hands burn!
* * * LOW HITPOINT WARNING * * *
The jelly is severely wounded.
You block the jelly's attack.
You hit the jelly but do no damage. The acid corrodes you!
Your hands burn!
* * * LOW HITPOINT WARNING * * *
The jelly is severely wounded.
You block the jelly's attack.
You hit the jelly but do no damage.
Your hands burn!
* * * LOW HITPOINT WARNING * * *
The jelly is severely wounded.
You block the jelly's attack.
You completely miss the jelly.
The jelly is severely wounded.
The jelly hits you.
* * * LOW HITPOINT WARNING * * *
You are splashed with acid!
You die...

##..##.>..#.# ####
#########
#..############ ####
#..# #######.##.....$#
#...
#..####....#.#)#...PP÷#
#.##
#...##.....#.#.#.÷....#
#.##
#.).'......#'#.#P...PP#
#.#
#...'..).....#.#÷.....#
#.#
#...'..).....#.#JJ...÷#
#.#
##..##.......#@#....÷.#
#.#
#.####......##JJ...P.#
#.# ####.#
##########......# #.#
...).# #### #######
###### #..# #..######
#.## #.....).# #...
#.#####.# ####
########.# #.#


You could see a jelly and an endoplasm.

Vanquished Creatures
  A necrophage (D:5)
  A scorpion (D:5)
  2 water moccasin zombies (D:5)
  A bullfrog zombie (D:5)
  A centaur zombie (D:5)
  4 jellies
  A human zombie (D:5)
  A hound (D:4)
  A scorpion zombie (D:5)
  3 hound zombies (D:5)
  4 mummies (D:5)
  3 adders
  2 worms
  An orc (D:5)
  9 ball pythons
  5 bats
  12 endoplasms
  4 giant cockroaches
  5 goblins
  5 hobgoblins
  2 jackals (D:3)
  13 kobolds
  A quokka (D:1)
  A frilled lizard (D:1)
  A hobgoblin zombie (D:5)
  2 kobold zombies (D:5)
  An orc zombie (D:5)
  7 rats
94 creatures vanquished.

Vanquished Creatures (others)
  2 fungi (D:3)
  8 toadstools (D:3)
10 creatures vanquished.

Grand Total: 104 creatures vanquished

Notes
Turn   | Place    | Note
-------+----------+-------------------------------------------
     0 | D:1      | Toastz the Hill Orc Fighter began the quest for the Orb.
     0 | D:1      | Reached XP level 1. HP: 19/19 MP: 1/1
    46 | D:1      | Reached skill level 3 in Axes
   101 | D:1      | Reached XP level 2. HP: 25/27 MP: 2/2
   487 | D:1      | Reached skill level 4 in Axes
   527 | D:1      | Reached XP level 3. HP: 33/33 MP: 3/3
  1737 | D:3      | Reached XP level 4. HP: 41/41 MP: 4/4
  1998 | D:3      | Reached skill level 5 in Axes
  2162 | D:3      | You fall into a shaft and drop 3 floors!
  2286 | D:6      | Found Qecsautem's Antique Armour Emporium.
  2326 | D:5      | Entered Level 5 of the Dungeon
  2340 | D:5      | Found an ornate altar of the Wu Jian Council.
  2343 | D:5      | Became a worshipper of the Wu Jian Council
  2344 | D:5      | Noticed a scorpion
  2346 | D:5      | Killed a scorpion
  2347 | D:5      | Reached skill level 5 in Fighting
  2347 | D:5      | Reached skill level 6 in Axes
  2347 | D:5      | Reached XP level 5. HP: 48/48 MP: 5/5
  2436 | D:5      | Reached XP level 6. HP: 51/56 MP: 6/6
  2566 | D:5      | Reached skill level 7 in Axes
  2566 | D:5      | Reached skill level 1 in Dodging
  2745 | D:5      | Found a basalt altar of Yredelemnul.
  2809 | D:5      | Reached XP level 7. HP: 56/62 MP: 7/7
  3126 | D:5      | Reached * piety under Wu Jian
  3127 | D:5      | Reached skill level 8 in Axes
  3362 | D:4      | Found Dotzoa's Gadget Gallery.
  3488 | D:3      | Found a faded altar of an unknown god.
  3633 | D:3      | Found Jiezie's Weapon Shop.
  3883 | D:3      | Splashed by a jelly's acid

Illustrated notes

Levels and vault maps discovered:
D:1:      lightli_iron_boxes, layout_basic
D:2:      layout_basic, ebering_dispersal_statue_hall
D:3:      cheibrodos_fertilizer, layout_loops_ring,
          shapermc_ecumenical_altar_flowoftime, serial_shops,
          nicolae_shop_bloodbath_and_beyond
D:4:      layout_basic, grunt_temple_overflow_open, serial_shops, shop,
          nicolae_shop_gadgets
D:5:      corexii_shantytown, layout_loops_ring, lemuel_doored_altar,
          lemuel_mausoleum_altar_yredelemnul, serial_shops,
          nicolae_diamond_shop, chequers_jeans, corexii_shack,
          minmay_mini_ossuary
D:6:      minmay_octagon_keep, layout_basic, cheibrodos_sewer_entry_bend,
          serial_shops, kennysheep_mini

Skill      XL: |  1  2  3  4  5  6  7 |
---------------+----------------------+-----
Axes           | 3 4 6 7 8 |  8.5
Fighting       | 4 5 6 |  6.2
Dodging        | 1 |  1.0
Shields        | 4 |  4.6
Armour         | |  3.2

Action                   |  1- 3 |  4- 6 |  7- 9 || total
-------------------------+-------+-------+-------++-------
Melee: War axe           |    81 |   134 |    72 ||   287
 Fire: Hunting sling     |    14 |       |       ||    14
Throw: Stone             |    63 |    18 |     3 ||    84
Invok: Lunge             |       |       |     5 ||     5
  Use: Scroll            |       |     3 |     1 ||     4
Armor: Scale mail        |    68 |    48 |    25 ||   141
Dodge: Dodged            |    48 |    48 |    16 ||   112
Block: Buckler           |    21 |    21 |    12 ||    54

Table legend: (Time is in decaauts)
 A = Elapsed time spent in this place.
 B = Non-inter-level travel time spent in this place.
 C = Inter-level travel time spent in this place.
 D = Time resting spent in this place.
 E = Time spent auto-exploring this place.
 F = Levels seen in this place.
 G = Mean time per level.
                   A        B        C        D        E       F      G
               +--------+--------+--------+--------+--------+-----+--------+
         Total |   3967 |   3899 |     68 |    789 |   2140 |   6 |  661.2 |
       Dungeon |   3967 |   3899 |     68 |    789 |   2140 |   6 |  661.2 |
               +--------+--------+--------+--------+--------+-----+--------+

Top non-repeatable levels by time:
     D:5: 1042 daAuts
     D:2: 890 daAuts
     D:3: 884 daAuts
     D:1: 862 daAuts
     D:6: 166 daAuts
     D:4: 122 daAuts
